 Dungeon Sprint DCSS version 0.30-a0-859-gf88a04b62d (webtiles) character file.

Game seed: 2308748971767387285

1839 BigDaddyOpFi the Protected (level 8, -6/126 HPs)
             Began as an Armataur Fighter on Mar 6, 2023.
             Was a High Priest of Wu Jian.
             Mangled by a troll (9 damage)
             ... led by an orc high priest
             ... in the Dungeon (Sprint VII: "The Pits").
             The game lasted 00:01:39 (1142 turns).

BigDaddyOpFi the Protected (Armataur Fighter)       Turns: 1142, Time: 00:01:39

Health: -6/126     AC: 15    Str: 24    XL:     8   Next: 87%
Magic:  8/8        EV:  5    Int:  9    God:    Wu Jian [*****.]
Gold:   0          SH:  6    Dex:  9    Spells: 7/7 levels left

rFire   . . .      SeeInvis .    a - +0 war axe
rCold   . . .      Faith    .    c - +0 buckler
rNeg    . . .      Spirit   .    l - +2 plate armour
rPois   .          Reflect  .    (no helmet)
rElec   .          Roll     +    (no cloak)
rCorr   .          NoTele   +    (no gloves)
Will    .....                    (no barding) Stlth
                                 (no amulet)
HPRegen 0.41/turn                (no ring)
MPRegen 0.11/turn                (no ring)

@: mighty, berserking, very quick
A: large, rugged brown scales 3, deformed body, armoured tail, roll, long
tongue, awkward tongue
a: Renounce Religion, Wall Jump, Serpent's Lash, Heavenly Storm


You were in the Dungeon.
You worshipped Wu Jian.
Wu Jian was extremely pleased with you.
You visited 1 branch

Inventory:

Hand Weapons
 a - a +0 war axe (weapon)
Armour
 c - a +0 buckler (worn)
 l - a +2 plate armour (worn)
Scrolls
 j - a scroll of blinking
Potions
 g - a potion of haste
 h - 4 potions of magic
 i - 2 potions of berserk rage
 k - 2 potions of invisibility


   Skills:
 + Level 9.7 Fighting
 + Level 8.6 Axes
 + Level 12.4 Armour
 + Level 11.5 Shields


You had 7 spell levels left.
You didn't know any spells.
Your spell library was empty.

Dungeon Overview and Level Annotations

Branches:
Dungeon (1/1)

Altars:
Ashenzari
Cheibriados
Dithmenos
Elyvilon
Fedhas
Gozag
Hepliaklqana
Kikubaaqudgha
Makhleb
Nemelex Xobeh
Okawaru
Qazlal
Ru
Sif Muna
Trog
Uskayaw
Vehumet
Wu Jian
Xom
Yredelemnul
Zin
The Shining One
Jiyva
Lugonu


Innate Abilities, Weirdness & Mutations

You are completely covered in rugged brown scales. (AC +3, +7% HP)
Armour fits poorly on your strangely shaped body.
You have a long armoured tail.
You roll when moving toward enemies. (Rampage)
Your long tongue fully drains potion bottles. (2x potion effects)
Your tongue gives you trouble enunciating. (1.5x scroll delay)


Message History

The troll is lightly wounded.
You block the troll's attack. The troll claws you but does no damage.
The troll claws you.
The orc warrior hits you from afar with a +0 trident.
You barely miss the troll. The troll bites you.
The troll claws you but does no damage. The troll claws you.
The orc warrior hits you from afar with a +0 trident!
You closely miss the troll.
The orc warrior hits you but does no damage.
The troll bites you. The troll claws you. x2
* * * LOW HITPOINT WARNING * * *
You slurp down every last drop of the potion of curing!
You feel better. The troll bites you! The troll claws you but does no damage.
You block the troll's attack.
The orc warrior hits you from afar with a +0 trident!
* * * LOW HITPOINT WARNING * * *
You slurp down every last drop of the potion of berserk rage!
A red film seems to cover your vision as you go berserk!
You feel yourself moving faster!
You feel mighty! The troll bites you but does no damage.
The troll claws you but does no damage. The troll claws you.
* * * LOW HITPOINT WARNING * * *
The orc warrior hits you but does no damage.
You slice the troll!!
Your tail-slap misses the troll.
The troll is heavily wounded.
The troll bites you but does no damage. The troll claws you.
* * * LOW HITPOINT WARNING * * *
The troll claws you but does no damage.
The orc warrior hits you from afar with a +0 trident.
* * * LOW HITPOINT WARNING * * *
You slash the troll!
The troll is severely wounded.
The troll bites you.
* * * LOW HITPOINT WARNING * * *
You block the troll's attack. The troll claws you but does no damage.
You block the orc warrior's attack.
You hit the troll.
The troll is almost dead.
The troll bites you!
You die...

#.#..÷..#'###...<...#
#.#........##.......#
#†#........##.......#
#'###########.......#
#.÷.....#.. #########
#÷###...#.# ###
#.#...).#.# ...#
#.#...#.#)#o...#
#.....#.#@To4..+
#...###.#)#Or..#
#.......'.# ...#
########### ###


You could see an ice devil (summoned), a troll, 2 orc warriors, an ogre and a
rat.

Vanquished Creatures
  An orc sorcerer (D)
  A manticore (D)
  A redback (D)
  A warg (D)
  2 floating eyes (D)
  2 water moccasins (D)
  An orc warrior (D)
  An ice beast (D)
  A gnoll sergeant (D)
  A crimson imp (D)
  A hound (D)
  An iguana (D)
  A mummy (D)
  4 gnolls (D)
  A river rat (D)
  An orc (D)
  A ball python (D)
  A giant cockroach (D)
  A goblin (D)
  A hobgoblin (D)
  2 quokkas (D)
  A ball python skeleton (D)
  A rat (D)
29 creatures vanquished.

Notes
Turn   | Place    | Note
-------+----------+-------------------------------------------
     0 | D        | BigDaddyOpFi the Armataur Fighter began the quest for the
                  | Orb.
     0 | D        | Reached XP level 1. HP: 19/19 MP: 1/1
     8 | D        | Noticed a floating eye
    11 | D        | Killed a floating eye
    12 | D        | Reached skill level 6 in Armour
    12 | D        | Reached skill level 5 in Shields
    12 | D        | Reached XP level 2. HP: 29/29 MP: 2/2
    12 | D        | Reached XP level 3. HP: 37/37 MP: 3/3
    12 | D        | Reached XP level 4. HP: 43/43 MP: 4/4
    16 | D        | Found a bloodstained altar of Trog.
    16 | D        | Found a shimmering blue altar of Sif Muna.
    16 | D        | Found a viscous altar of Jiyva.
    16 | D        | Found a hazy altar of Hepliaklqana.
    16 | D        | Found an opulent altar of Gozag.
    17 | D        | Found a glowing golden altar of the Shining One.
    17 | D        | Found a glowing silver altar of Zin.
    17 | D        | Found a basalt altar of Yredelemnul.
    17 | D        | Found a shimmering altar of Xom.
    17 | D        | Found an ornate altar of the Wu Jian Council.
    17 | D        | Found a sacrificial altar of Ru.
    17 | D        | Found a stormy altar of Qazlal.
    17 | D        | Found an iron altar of Okawaru.
    17 | D        | Found a sparkling altar of Nemelex Xobeh.
    17 | D        | Found a burning altar of Makhleb.
    17 | D        | Found a blossoming altar of Fedhas.
    17 | D        | Found a white marble altar of Elyvilon.
    17 | D        | Found a shadowy altar of Dithmenos.
    17 | D        | Found a snail-covered altar of Cheibriados.
    18 | D        | Found a radiant altar of Vehumet.
    18 | D        | Found a corrupted altar of Lugonu.
    19 | D        | Found an ancient bone altar of Kikubaaqudgha.
    19 | D        | Found a hide-covered altar of Uskayaw.
    19 | D        | Found a broken altar of Ashenzari.
    27 | D        | Became a worshipper of the Wu Jian Council
    59 | D        | Noticed a floating eye
    61 | D        | Killed a floating eye
    61 | D        | Reached * piety under Wu Jian
    62 | D        | Reached skill level 5 in Fighting
    62 | D        | Reached skill level 5 in Axes
    62 | D        | Reached skill level 7 in Armour
    62 | D        | Reached XP level 5. HP: 53/53 MP: 5/5
    69 | D        | Reached ** piety under Wu Jian
    73 | D        | Reached skill level 8 in Armour
    79 | D        | Reached *** piety under Wu Jian
    91 | D        | Reached XP level 6. HP: 28/62 MP: 6/6
   423 | D        | Noticed an ice beast
   425 | D        | Reached **** piety under Wu Jian
   443 | D        | Reached skill level 9 in Armour
   450 | D        | Killed an ice beast
   641 | D        | Noticed a water moccasin
   659 | D        | Killed a water moccasin
   660 | D        | Reached XP level 7. HP: 65/70 MP: 7/7
   781 | D        | Reached skill level 10 in Armour
   783 | D        | Noticed a redback
   801 | D        | Killed a redback
   801 | D        | Reached ***** piety under Wu Jian
  1108 | D        | Noticed an orc high priest
  1108 | D        | Noticed a troll
  1108 | D        | Noticed an orc sorcerer
  1108 | D        | Noticed a manticore
  1112 | D        | Noticed a red devil
  1114 | D        | Paralysed by an orc sorcerer for 5 turns
  1115 | D        | Reached skill level 11 in Armour
  1115 | D        | Reached skill level 10 in Shields
  1124 | D        | Killed an orc sorcerer
  1125 | D        | Reached XP level 8. HP: 78/83 MP: 8/8
  1132 | D        | Killed a manticore
  1133 | D        | Reached skill level 12 in Armour
  1133 | D        | Noticed an ice devil
  1141 | D        | HP: 3/126 [troll[an orc high priest] (6)]
  1142 | D        | Mangled by a troll

Illustrated notes

Levels and vault maps discovered:
D:        pitsprint [storerooms_1, entrance_room_1, metal_vault_7, armoury_2,
          mini_pit_1, grid_room_1, main_hall_1, silver_pit, the_coven_1,
          the_vestibule_1, steel_vault_3, golden_pit, hallway_of_sentries,
          crystal_vault_1, iron_vault_4, final_vault]

Skill      XL: |  1  2  3  4  5  6  7  8 |
---------------+-------------------------+-----
Fighting       | 4 5 6 7 9 |  9.7
Axes           | 4 5 6 8 |  8.6
Armour         | 6 7 8 9 11 12 | 12.4
Shields        | 5 7 9 11 | 11.5

Action                     |  1- 3 |  4- 6 |  7- 9 || total
---------------------------+-------+-------+-------++-------
  Melee: War axe           |     3 |    71 |    53 ||   127
         Tailslap          |       |    10 |    11 ||    21
 Invoke: Heavenly Storm    |       |       |     1 ||     1
Ability: Whirlwind         |       |     3 |       ||     3
    Use: Potion            |       |     2 |    12 ||    14
 Armour: Scale mail        |       |     9 |       ||     9
         Plate armour      |       |    35 |    85 ||   120
  Dodge: Dodged            |       |    17 |    29 ||    46
  Block: Buckler           |       |    29 |    28 ||    57

Table legend: (Time is in decaauts)
 A = Elapsed time spent in this place.
 B = Non-inter-level travel time spent in this place.
 C = Inter-level travel time spent in this place.
 D = Time resting spent in this place.
 E = Time spent auto-exploring this place.
 F = Levels seen in this place.
 G = Mean time per level.
                   A        B        C        D        E       F      G
               +--------+--------+--------+--------+--------+-----+--------+
         Total |   1168 |   1149 |     19 |    839 |      0 |   1 | 1168.0 |
       Dungeon |   1168 |   1149 |     19 |    839 |      0 |   1 | 1168.0 |
               +--------+--------+--------+--------+--------+-----+--------+

Top non-repeatable levels by time:
       D: 1168 daAuts
